 Dungeon Crawl Stone Soup version 0.18.1-48-g4cf74bf (webtiles) character file.

105 GFox the Shield-Bearer (level 4, -1/40 HPs)
             Began as a Minotaur Fighter on July 19, 2016.
             Was an Initiate of Cheibriados.
             Slain by fufumann's ghost (3 damage)
             ... on level 3 of the Dungeon.
             The game lasted 00:12:03 (1945 turns).

GFox the Shield-Bearer (Minotaur Fighter)           Turns: 1945, Time: 00:12:03

Health: -1/40      AC:  5    Str: 23    XL:     4   Next: 53%
Magic:  12/12      EV:  9    Int:  6    God:    Cheibriados [......]
Gold:   60         SH: 10    Dex: 10    Spells: 0 memorised, 3 levels left

rFire  . . .     SeeInvis .     a - +0 war axe
rCold  . . .     Gourm    .     e - +0 ring mail (curse)
rNeg   . . .     Faith    .     c - +0 shield
rPois  .         Spirit   .     (helmet restricted)
rElec  .         Dismiss  .     (no cloak)
rCorr  .         Reflect  .     (no gloves)
SustAt .         Harm     .     (no boots)
MR     .....                    j - amulet of inaccuracy (curse)
Stlth  ..........               (no ring)
                                g - ring of magical power

@: invisible, very slow, not resistant to hostile enchantments, extremely
unstealthy
A: retaliatory headbutt, horns 2
a: Bend Time, Renounce Religion


You were on level 3 of the Dungeon.
You worshipped Cheibriados.
Cheibriados was noncommittal.
You were not hungry.

You visited 1 branch of the dungeon, and saw 3 of its levels.

You collected 60 gold pieces.

Inventory:

Hand Weapons
 a - a +0 war axe (weapon)
Armour
 c - a +0 shield (worn)
 e - a cursed +0 ring mail (worn)
Jewellery
 g - a ring of magical power (left hand)
 j - a cursed amulet of inaccuracy (around neck)
Scrolls
 l - a scroll of recharging
 m - a scroll of immolation {unknown}
Potions
 b - a potion of invisibility
 d - a potion of might
 h - a potion of beneficial mutation {unknown}
Comestibles
 f - 2 bread rations
 k - a meat ration


   Skills:
 + Level 4.1 Fighting
 + Level 3.1 Axes
 + Level 4.3 Armour
 + Level 2.1 Dodging
 + Level 4.4 Shields


You had 3 spell levels left.
You didn't know any spells.

Dungeon Overview and Level Annotations

Branches:
Dungeon (3/15)

Altars:
Cheibriados
Gozag

Annotations:
D:3 fufumann's ghost, amateur GrBe


Innate Abilities, Weirdness & Mutations

You reflexively headbutt those who attack you in melee.
You have a pair of horns on your head.


Message History

Fufumann's ghost is severely damaged.
Fufumann's ghost hits you. Fufumann's ghost barely misses you.
You hit fufumann's ghost but do no damage.
Your headbutt misses fufumann's ghost.
Fufumann's ghost is severely damaged.
Fufumann's ghost barely misses you.
You closely miss fufumann's ghost.
Fufumann's ghost is severely damaged.
You block fufumann's ghost's attack. Fufumann's ghost hits you!
* * * LOW HITPOINT WARNING * * *
You hit fufumann's ghost.
Fufumann's ghost is almost destroyed.
Fufumann's ghost hits you!
* * * LOW HITPOINT WARNING * * *
Drink which item? (? for menu, Esc to quit)
It was a potion of invisibility.
You fade into invisibility!
Fufumann's ghost says, "My insurmountable tactics guarantee your defeat."
Fufumann's ghost hits you.
You die...

#..#.. ..#.
..#. ...
#.. #.# #W#
#@#
#.#######
#.......#
#.#####.#
...# #.#
##..#####.#
#..#<....#
#..#######
#..#


You could see fufumann's ghost.

Vanquished Creatures
  Jessica (D:2)
  3 oozes
  A worm (D:2)
  A dart slug (D:2)
  2 giant geckos
  A ball python (D:2)
  4 bats
  4 giant cockroaches (D:1)
  6 goblins
  8 hobgoblins
  4 jackals (D:2)
  9 giant newts
  6 kobolds
  7 rats
57 creatures vanquished.

Notes
Turn   | Place    | Note
--------------------------------------------------------------
     0 | D:1      | GFox the Minotaur Fighter began the quest for the Orb.
     0 | D:1      | Reached XP level 1. HP: 19/19 MP: 0/0
   196 | D:1      | Reached XP level 2. HP: 18/27 MP: 1/1
   386 | D:1      | Reached XP level 3. HP: 26/33 MP: 2/2
   993 | D:2      | Noticed Jessica
   999 | D:2      | Reached skill level 1 in Dodging
  1008 | D:2      | Killed Jessica
  1008 | D:2      | Reached XP level 4. HP: 10/40 MP: 3/3
  1619 | D:2      | Found a snail-covered altar of Cheibriados.
  1629 | D:2      | Became a worshipper of Cheibriados the Contemplative
  1664 | D:2      | Found an opulent altar of Gozag.
  1937 | D:3      | Noticed fufumann's ghost (amateur GrBe)
  1944 | D:3      | HP: 2/40 [fufumann's ghost (7)]
  1945 | D:3      | Slain by fufumann's ghost

Skill      XL: |  1  2  3  4 |
---------------+-------------+-----
Armour         | 4 |  4.3
Shields        | 4 |  4.4
Dodging        | 1 2 |  2.1
Fighting       | 4 |  4.1
Axes           | 3 |  3.1

Action                   |  1- 3 |  4- 6 || total
-------------------------+-------+-------++-------
Melee: War axe           |    97 |    55 ||   152
       Headbutt          |     7 |     4 ||    11
  Use: Potion            |     1 |     1 ||     2
       Scroll            |     3 |       ||     3
  Eat: Chunk             |       |     4 ||     4
Armor: Ring mail         |    37 |    12 ||    49
       Scale mail        |     3 |       ||     3
Dodge: Dodged            |    49 |    26 ||    75
Block: Shield            |    50 |    28 ||    78
